 Dungeon Crawl Stone Soup version 0.28-a0-206-gc2c9e32840 (webtiles) character file.

Game seed: 14699806822039860035

30 lmSkywalker the Insei (level 3, 0/27 HPs)
             Began as a Djinni Transmuter on Aug 20, 2021.
             Was a Believer of Lugonu.
             Slain by an orc (3 damage)
             ... on level 3 of the Dungeon.
             The game lasted 00:04:38 (2587 turns).

lmSkywalker the Insei (Djinni Transmuter)           Turns: 2587, Time: 00:04:39

Health: 0/27       AC:  3    Str:  9    XL:     3   Next: 37%
Gold:   57         EV: 12    Int: 15    God:    Lugonu [**....] SH:  0 Dex: 13

rFire   + + .      SeeInvis .     - Unarmed
rCold   x . .      Faith    .   (no shield)
rNeg    . . .      Spirit   .   a - +0 robe
rPois   ∞          Reflect  .   (helmet currently unavailable)
rElec   .          Harm     .   g - +0 cloak
rCorr   .          Rampage  .   (no gloves)
Will    .....                   (boots unavailable)
Stlth   +.........              (no amulet)
HPRegen 0.09/turn               (no ring)
MPRegen 0.00/turn               (no ring)

@: appendages (expiring), wereblooded, flying, very slightly contaminated
A: horns 2, flying, sickness immunity, fire resistance 2, cold vulnerability 1,
float, innate caster, hp casting, extra vitality 1
a: End Transformation, Renounce Religion, Depart the Abyss, Bend Space


You were on level 3 of the Dungeon.
You worshipped Lugonu.
Lugonu was pleased with you.
You had temporarily grown beastly horns.
You visited 1 branch of the dungeon, and saw 3 of its levels.

You collected 57 gold pieces.

Inventory:

Armour
 a - a +0 robe (worn)
 b - a +0 kite shield
 g - a +0 cloak (worn)
Scrolls
 c - a scroll of enchant weapon {unknown}
 e - 3 scrolls of immolation {unknown}
 h - a scroll of fear {unknown}
 i - a scroll of identify {unknown}
 k - a scroll of magic mapping {unknown}
Potions
 d - a potion of attraction {unknown}
 f - a potion of haste {unknown}
 j - 2 potions of curing {unknown}
 l - a potion of degeneration {unknown}
 m - a potion of heal wounds {unknown}


   Skills:
 - Level 1.0 Fighting
 - Level 2.1 Dodging
 - Level 3.6 Unarmed Combat
 + Level 2.2 Spellcasting


You couldn't memorise any spells.
You knew the following spells:

 Your Spells              Type           Power      Damage    Failure   Level
a - Beastly Appendage     Tmut           16%        N/A       9%          1
b - Wereblood             Tmut           8%         N/A       13%         2
c - Spider Form           Tmut/Pois      4%         N/A       26%         3
d - Ice Form              Ice/Tmut       8%         N/A       63%         4
e - Magic Dart            Conj           32%        1d4       9%          1
Your spell library was empty.

Dungeon Overview and Level Annotations

Branches:
Dungeon (3/15)

Altars:
Lugonu

Shops:
D:2 =


Innate Abilities, Weirdness & Mutations

You have temporarily grown beastly horns.
You are flying.
You are immune to sickness and miasma.
You are immune to poison.
Your flesh is very heat resistant. (rF++)
You are vulnerable to cold. (rC-)
You float through the air rather than walking.
You learn spells naturally, not from books.
Your magical power is your life essence.
You have superior vitality. (+4 HP)


Message History

You miscast Beastly Appendage.
Nothing appears to happen.
Casting: Beastly Appendage (safe; 9% risk of failure)
Confirm with . or Enter, or press ? or * to list all spells.
You grow a pair of large bovine horns.
The orc hits you with a +0 short sword.
You barely miss the orc. The orc hits you with a +0 short sword.
You hit the orc but do no damage. The orc hits you with a +0 short sword.
You hit the orc.
The orc is moderately wounded.
The orc hits you with a +0 short sword.
You are too injured to fight recklessly!
You are too injured to fight recklessly!
Casting: Beastly Appendage (safe; 9% risk of failure)
Confirm with . or Enter, or press ? or * to list all spells.
Your blood is infused with primal strength.
The orc hits you with a +0 short sword.
* * * LOW HITPOINT WARNING * * *
You are too injured to fight recklessly!
You are too injured to fight recklessly!
You hit the orc but do no damage.
The orc is moderately wounded.
The orc hits you but does no damage.
You hit the orc but do no damage.
The orc is moderately wounded.
Your transformation is almost over.
The orc misses you.
You hit the orc but do no damage. You headbutt the orc, but do no damage.
The orc is moderately wounded.
The orc hits you with a +0 short sword.
* * * LOW HITPOINT WARNING * * *
You closely miss the orc.
The orc is moderately wounded.
The orc barely misses you.
You closely miss the orc.
The orc is moderately wounded.
The orc hits you with a +0 short sword.
* * * LOW HITPOINT WARNING * * *
You barely miss the orc.
The orc is moderately wounded.
The orc hits you with a +0 short sword.
You die...

#...#...#
#.......#.
#.###.#.#
........#.
#..##.#.##
#.##..#..#
#.##.###.## ###..
#..### ..#
##...####
###...###....####
......o@.).....
#...###....####
## ..#### .### .#
.. #. #


You could see an orc.

Vanquished Creatures
  A ball python (D:1)
  2 bats
  6 endoplasms
  A giant cockroach (D:1)
  2 goblins (D:1)
  3 hobgoblins
  2 quokkas
  3 frilled lizards (D:1)
  2 kobolds (D:1)
  4 rats
26 creatures vanquished.

Notes
Turn   | Place    | Note
-------+----------+-------------------------------------------
     0 | D:1      | lmSkywalker the Djinni Transmuter began the quest for the
                  | Orb.
     0 | D:1      | Reached XP level 1. HP: 17/17 MP: 0/0
   393 | D:1      | Reached XP level 2. HP: 15/22 MP: 0/0
  1033 | D:1      | Found a faded altar of an unknown god.
  1041 | D:1      | Became a worshipper of Lugonu the Unformed
  1041 | D:1      | Reached * piety under Lugonu
  1041 | D:1      | Reached ** piety under Lugonu
  1498 | D:2      | Reached XP level 3. HP: 23/27 MP: 0/0
  1498 | D:2      | Learned a level 1 spell: Magic Dart
  1583 | D:2      | Found Abbuv's Jewellery Emporium.
  2587 | D:3      | Slain by an orc

Illustrated notes

Levels and vault maps discovered:
D:1:      dpeg_arrival_arbitrary_b, layout_loops_ring,
          dreamdust_ecumenical_altar_hidden_monk_grotto, st_stairs_1
D:2:      layout_loops_corners, serial_shops, nicolae_shop_crystal,
          amcnicky_mini_rare_corridor_liquid, minmay_misc_feat_doors
D:3:      minmay_general_purpose_star, layout_loops_cross, hex_large,
          uniq_sigmund, uniq_terence

Skill      XL: |  1  2 |
---------------+-------+-----
Spellcasting   | 2 |  2.2
Fighting       | |  1.0
Dodging        | |  2.1
Unarmed Combat | |  3.6

Action                   || total
-------------------------++-------
Melee: Unarmed           ||   101
       Headbutt          ||     9
 Cast: Beastly Appendage ||    26
       Wereblood         ||     6
       Magic Dart        ||     5
 Stab: Sleeping          ||     1
Armor: Robe              ||    27
Dodge: Dodged            ||    77

Table legend: (Time is in decaauts)
 A = Elapsed time spent in this place.
 B = Non-inter-level travel time spent in this place.
 C = Inter-level travel time spent in this place.
 D = Time resting spent in this place.
 E = Time spent auto-exploring this place.
 F = Levels seen in this place.
 G = Mean time per level.
                   A        B        C        D        E       F      G
               +--------+--------+--------+--------+--------+-----+--------+
         Total |   2580 |   2548 |     32 |    188 |   2005 |   3 |  860.0 |
       Dungeon |   2580 |   2548 |     32 |    188 |   2005 |   3 |  860.0 |
               +--------+--------+--------+--------+--------+-----+--------+

Top non-repeatable levels by time:
     D:1: 1337 daAuts
     D:2: 1052 daAuts
     D:3: 191 daAuts
